 Dungeon Crawl Stone Soup version 0.30-a0-930-gb9d0489357 (webtiles) character file.

Game seed: 2934273013829064930

145325 Zenkrye the Spear-Bearer (level 17, -5/136 HPs)
             Began as a Gnoll Cinder Acolyte on Mar 21, 2023.
             Was a High Priest of Ignis.
             Slain by a nine-headed hydra (8 damage)
             ... called by a spriggan druid
             ... on level 2 of the Swamp on Mar 23, 2023.
             The game lasted 01:30:57 (27934 turns).

Zenkrye the Spear-Bearer (Gnoll Cinder Acolyte)    Turns: 27934, Time: 01:30:58

Health: -5/136     AC: 20    Str: 18    XL:     17   Next: 42%
Magic:  32/32      EV: 15    Int: 15    God:    Ignis [*****.]
Gold:   1600       SH: 12    Dex: 10    Spells: 21/39 levels left

rFire   + + .      SeeInvis .    A - +8 demon blade "Leech" {evervamp, Harm Drain rN+}
rCold   + . .      Faith    .    Y - +1 kite shield {rC+}
rNeg    + . .      Spirit   .    O - +1 chain mail {rPois}
rPois   +          Reflect  .    a - +0 helmet
rElec   .          Rampage  .    j - scarf {shadows}
rCorr   .          Harm     + .  I - +1 pair of gloves
Will    +....                    U - +2 pair of boots
Stlth   ++                       d - amulet of regeneration
HPRegen 1.22/turn                v - +5 ring of evasion
MPRegen 0.23/turn                y - ring of protection from fire

@: no status effects
A: fangs 1, strong nose, distributed training
a: Renounce Religion, Fiery Armour, Foxfire Swarm, Rising Flame


You were on level 2 of the Swamp.
You worshipped Ignis.
Ignis was extremely pleased with you.
You visited 4 branches of the dungeon, and saw 24 of its levels.

You collected 2859 gold pieces.
You spent 1259 gold pieces at shops.

Inventory:

Hand Weapons
 m - a +9 vampiric trident
 A - the +8 demon blade "Leech" (weapon) {evervamp, Harm Drain rN+}
   (You bought it in a shop on level 7 of the Dungeon)

   rN:        It protects you from negative energy.
   Drain:     It drains your maximum health when unequipped.
   Harm:      It increases damage dealt and taken.
Missiles
 G - 2 boomerangs
 L - 6 atropa-tipped darts
 Z - 8 curare-tipped darts (quivered)
Armour
 a - a +0 helmet (worn)
 b - a +0 kite shield
 j - a scarf of shadows (worn)
 n - +1 ice dragon scales
 q - +0 fire dragon scales
 I - a +1 pair of gloves (worn)
 O - a +1 chain mail of poison resistance (worn)
 U - a +2 pair of boots (worn)
 Y - a +1 kite shield of cold resistance (worn)
Jewellery
 d - an amulet of regeneration (around neck)
 p - a +4 ring of protection
 v - a +5 ring of evasion (left hand)
 w - a ring of wizardry
 x - a ring of magical power
 y - a ring of protection from fire (right hand)
 F - a ring of see invisible
 S - the ring "Lafi" {rF- Will+ rCorr Str+4 Int+3}
   (You acquired it on level 5 of the Dungeon)

   [ring of willpower]

   Str:       It affects your strength (+4).
   Int:       It affects your intelligence (+3).
   rF:        It makes you vulnerable to fire.
   rCorr:     It protects you from acid and corrosion.
   Will:      It increases your willpower.
Wands
 c - a wand of polymorph (12)
 r - a wand of charming (4)
 C - a wand of acid (11) {@v2}
 H - a wand of flame (45)
 K - a wand of iceblast (4) {@v4}
 W - a wand of mindburst (11)
Scrolls
 g - 12 scrolls of teleportation {@r3}
 i - 4 scrolls of identify {@r1}
 k - a scroll of magic mapping
 o - a scroll of vulnerability
 t - a scroll of blinking {@r4}
 D - a scroll of silence
 N - 4 scrolls of fog
 P - 2 scrolls of immolation
 T - 4 scrolls of poison
 X - 3 scrolls of summoning
Potions
 f - a potion of berserk rage
 h - a potion of flight
 l - 5 potions of brilliance
 s - a potion of might {@q4}
 u - a potion of resistance {@q6}
 z - 7 potions of curing {@q1}
 B - 2 potions of magic
 E - 2 potions of cancellation
 J - 3 potions of mutation
 Q - 2 potions of invisibility
 R - a potion of heal wounds {@q2}
 V - a potion of ambrosia
Miscellaneous
 e - a phantom mirror
 M - a tin of tremorstones (2/2)


   Skills:
 + Level 13.1 Fighting
 + Level 11.5 Short Blades
 + Level 11.5 Long Blades
 + Level 11.5 Axes
 + Level 11.5 Maces & Flails
 + Level 13.1 Polearms
 + Level 11.5 Staves
 + Level 11.5 Ranged Weapons
 + Level 11.5 Throwing
 + Level 11.5 Armour
 + Level 11.5 Dodging
 + Level 11.5 Stealth
 + Level 11.5 Shields
 + Level 11.5 Unarmed Combat
 + Level 11.8 Spellcasting
 + Level 9.7 Conjurations
 + Level 9.7 Hexes
 + Level 9.7 Summonings
 + Level 9.7 Necromancy
 + Level 9.7 Translocations
 + Level 9.7 Transmutations
 + Level 11.1 Fire Magic
 + Level 9.7 Ice Magic
 + Level 9.7 Air Magic
 + Level 9.7 Earth Magic
 + Level 9.7 Poison Magic
 + Level 12.5 Invocations
 + Level 11.5 Evocations


You had 21 spell levels left.
You knew the following spells:

 Your Spells              Type           Power      Damage    Failure   Level
a - Scorch                Fire           84%        2d9       1%          2
b - Flame Wave            Conj/Fire      40%        2d11      19%         4
c - Kindle Blastsparks    Fire/Tloc/Air  78%        2d16      6%          3
d - Wereblood             Tmut           38%        N/A       3%          2
o - Animate Armour        Summ/Erth      76%        N/A       24%         4
q - Stone Arrow           Conj/Erth      76%        3d11      8%          3

Your spell library contained the following spells:

 Spells                   Type           Power      Damage    Failure   Level
 Blink                    Tloc           76%        N/A       3%          2
 Cigotuvi's Dreadful Rot  Necr/Pois/Air  76%        N/A       3%          2
 Ensorcelled Hibernation  Hex/Ice        76%        N/A       3%          2
 Lesser Beckoning         Tloc           76%        N/A       3%          2
 Momentum Strike          Conj/Tloc      76%        3d10      3%          2
 Passwall                 Tmut/Erth      31%        N/A       3%          2
 Poisonous Vapours        Pois/Air       76%        N/A       3%          2
 Sublimation of Blood     Necr           38%        N/A       3%          2
 Dazzling Flash           Conj/Hex       76%        N/A       8%          3
 Mephitic Cloud           Conj/Pois/Air  38%        N/A       8%          3
 Swiftness                Air            38%        N/A       8%          3
 Tukima's Dance           Hex            38%        N/A       8%          3
 Airstrike                Air            19%        2d(3-19)  24%         4
 Anguish                  Hex/Necr       19%        N/A       24%         4
 Fulminant Prism          Conj/Hex       19%        3d11      24%         4
 Iskenderun's Mystic Bla  Conj/Tloc      38%        2d9       24%         4
 Leda's Liquefaction      Hex/Erth       19%        N/A       24%         4
 Olgreb's Toxic Radiance  Pois           38%        N/A       24%         4
 Passage of Golubria      Tloc           38%        N/A       24%         4
 Summon Lightning Spire   Summ/Air       38%        N/A       24%         4
 Plasma Beam              Fire/Air       20%        2x1d35    45%         5
 Lee's Rapid Deconstruct  Erth           19%        3d11*     56%         5
 Silence                  Hex/Air        19%        N/A       56%         5
 Yara's Violent Unravell  Hex/Tmut       19%        3d9       56%         5
 Starburst                Conj/Fire      20%        6d7       95%         6
 Statue Form              Tmut/Erth      25%        N/A       98%         6
 Summon Cactus Giant      Summ           19%        N/A       98%         6
 Enfeeble                 Hex            19%        N/A       100%        7
 Ozocubu's Refrigeration  Ice            19%        4d11      100%        7
 Summon Hydra             Summ           19%        N/A       100%        7
 Ignition                 Fire           21%        3d8       100%        8
 Lehudib's Crystal Spear  Conj/Erth      19%        10d6      100%        8


Dungeon Overview and Level Annotations

Branches:
Dungeon (15/15)            Temple (0/1) D:5            Lair (5/5) D:9
  Swamp (2/4) Lair:2        Snake (0/4) Lair:3        Slime (0/5) Lair:4
    Orc (2/2) D:11            Elf (0/3) Orc:2        Vaults (0/5) D:13
 Depths (0/4) D:15

Altars:
Ashenzari
Cheibriados
Elyvilon
Fedhas
Gozag
Hepliaklqana
Nemelex Xobeh
Okawaru
Qazlal
Xom
Jiyva

Shops:
D:7 (   D:9 [   Orc:2 *!([:

Annotations:
D:3 1 runed translucent door, Crazy Yiuf
Lair:1 2 transporters, GloriousHammer's ghost, journeyman OgCA
Lair:5 exclusion: oklob plant


Innate Abilities, Weirdness & Mutations

You have very sharp teeth.
Your uncanny sense of smell can sniff out nearby items.
Your experience applies equally to all skills.


Message History

The eight-headed hydra bites you but does no damage.
You block the eight-headed hydra's attack.
The eight-headed hydra bites you!
* * * LOW HITPOINT WARNING * * *
You slash the swamp worm!
You feel better.
The swamp worm is severely wounded.
You block the swamp worm's attack.
You slice the swamp worm!!
You feel better.
You kill the swamp worm!
You block the eight-headed hydra's attack.
The eight-headed hydra completely misses you.
You block the eight-headed hydra's attack.
The eight-headed hydra bites you.
The eight-headed hydra bites you but does no damage.
You block the eight-headed hydra's attack.
The eight-headed hydra barely misses you.
The eight-headed hydra bites you but does no damage.
You slice one of the eight-headed hydra's heads off!
The seven-headed hydra grows two more!
You slice the nine-headed hydra!!
You feel better.
The nine-headed hydra is moderately wounded.
The nine-headed hydra bites you but does no damage.
The nine-headed hydra bites you. x2
The nine-headed hydra barely misses you.
The nine-headed hydra bites you. The nine-headed hydra bites you!
* * * LOW HITPOINT WARNING * * *
The nine-headed hydra bites you but does no damage.
The nine-headed hydra bites you!
* * * LOW HITPOINT WARNING * * *
You block the nine-headed hydra's attack.
Aiming: Mindburst
Press: ? - help, Shift-Dir - straight line, f - nine-headed hydra
Aim: a nine-headed hydra (moderately wounded, strong, chance to affect: 67%)
The nine-headed hydra's minds are blasted!!
The nine-headed hydra bites you but does no damage.
The nine-headed hydra closely misses you.
The nine-headed hydra bites you!
* * * LOW HITPOINT WARNING * * *
The nine-headed hydra bites you!
You die...

~~~~~~~.~~.♣~.♣♣ ♣♣♣
.~~§§~~.~.....~~.~..~♣ .~♣
.~~~~~~.~~~..)...~~.♣♣ ~~~♣
....~~~~(~..~~.~~~~.♣ ~~.♣
...~~~~~~§~~~.~~~~~♣
~~~♣♣♣♣♣♣♣~.~~~§~~(.~~.†~...♣
~.♣♣~~~~~~...~~§~~~..†..~~~.♣
..♣♣~~§~§.~..~~~D~~~....~~~.♣
♣♣♣♣~~~~†....~~†@..♣♣...~§~§♣
♣~i~.§....~..~♣♣♣♣♣♣~..♣♣♣ ♣
~~~~tin.).♣♣♣♣♣♣ ♣~..~♣ ♣
♣..i§....♣♣ ♣.~~.♣
♣♣♣~~~.i~..♣♣ ♣ ♣♣.~.♣
~♣♣♣♣♣.♣F...♣ ♣.. ♣♣♣~§♣♣ ~♣
♣♣..##.♣ ♣..~ ♣♣♣.~.~♣ ♣♣
♣♣.#...♣♣♣..♣♣♣.♣~~.♣♣ ♣♣
♣~.#..♣♣..~~~~♣♣~.~♣♣


You could see a nine-headed hydra (strong).

Vanquished Creatures
  A fenstrider witch (Swamp:2)
  2 orc warlords (Orc:2)
  An eleionoma (Swamp:2)
  3 bunyips
  A dire elephant (Lair:1)
  A shambling mangrove (Swamp:2)
  Josephine (D:13)
  A fire dragon (D:15)
  5 hydras
  Erolcha (D:9)
  An ice dragon (D:15)
  3 catoblepae (Lair:5)
  4 two-headed ogres
  6 boulder beetles
  5 centaur warriors
  8 alligators
  2 dancing weapons (D:13)
  3 tengu warriors
  6 death yaks (Lair:5)
  An orc high priest (Orc:1)
  5 spriggans
  A skyshark (Lair:5)
  A fire crab (Lair:3)
  3 skeletal warriors (D:14)
  3 goliath frogs (Swamp:2)
  A swamp dragon (Swamp:2)
  2 spriggan druids
  A lindwurm (Lair:3)
  6 orc knights
  22 ugly things
  3 necromancers (Orc:1)
  A wolf spider (D:15)
  A will-o-the-wisp (Swamp:2)
  5 manticores
  3 orc sorcerers (Orc:2)
  4 elephants (Lair:2)
  4 black mambas
  A gargoyle (D:14)
  2 torpor snails (Lair:1)
  6 rime drakes
  8 cane toads
  11 komodo dragons
  An efreet (D:10)
  4 tengu conjurers
  3 meliai (D:13)
  2 trolls
  2 polar bears
  7 tyrant leeches
  Prince Ribbit (D:7)
  A bloated husk (Swamp:1)
  A meliai (shapeshifter) (D:13)
  8 hornets
  16 blink frogs
  Grinder (D:3)
  12 slime creatures
  An ettin skeleton (Orc:1)
  4 wraiths
  8 wyverns
  A vampire (D:10)
  5 basilisks
  2 steam dragons
  50 yaks
  7 vampire mosquitoes
  3 nagas (Lair:3)
  8 swamp worms
  Menkaure (D:5)
  16 water moccasins
  7 wargs
  3 acid dragons
  8 black bears
  38 orc warriors
  3 ice beasts
  An ettin simulacrum (Orc:1)
  5 boggarts (D:15)
  4 wolves
  9 ogres
  26 centaurs
  A phantom (D:4)
  2 kobold brigands
  A gnoll sergeant (Orc:2)
  14 bullfrogs
  3 scorpions
  A cyclops zombie (Orc:1)
  3 cyclops skeletons (Orc:1)
  A warg zombie (Orc:1)
  10 killer bees
  A nameless horror (D:11)
  4 electric eels
  7 howler monkeys
  A lava snake (D:10)
  A jelly (Lair:4)
  2 hounds
  13 orc priests
  8 iguanas
  Jessica (D:3)
  3 gnoll boudas
  23 orc wizards
  An ogre skeleton (Orc:1)
  18 gnolls
  9 adders
  An orc skeleton (Orc:1)
  A shadow imp (D:6)
  An orc simulacrum (Orc:1)
  2 orc zombies (Orc:1)
  4 worms
  A dart slug (D:5)
  59 orcs
  2 ball pythons
  2 bats
  4 endoplasms
  2 giant cockroaches
  9 goblins
  16 hobgoblins
  7 quokkas
  5 frilled lizards
  17 kobolds
  9 rats
689 creatures vanquished.

Vanquished Creatures (collateral kills)
  A boulder beetle (D:15)
  2 deep elf pyromancers (D:15)
  A manticore (D:11)
  3 yaks
  5 vampire mosquitoes (D:11)
  A warg (Orc:2)
  3 orc warriors
  A boggart (D:11)
  A kobold brigand (D:7)
  An orc priest (D:11)
  A gnoll bouda (Orc:1)
  3 gnolls (Orc:1)
  2 orcs
  5 kobolds (D:7)
30 creatures vanquished.

Vanquished Creatures (others)
  An orc knight (Orc:2)
  An unseen horror (D:13)
  2 orc warriors (Orc:2)
  8 foxfires (Swamp:2)
  13 fungi
  18 plants
43 creatures vanquished.

Grand Total: 762 creatures vanquished

Notes
Turn   | Place    | Note
-------+----------+-------------------------------------------
     0 | D:1      | Zenkrye the Gnoll Cinder Acolyte began the quest for the
                  | Orb.
     0 | D:1      | Reached XP level 1. HP: 23/23 MP: 4/4
   194 | D:1      | Reached XP level 2. HP: 29/29 MP: 5/5
   207 | D:1      | Learned a level 2 spell: Scorch
   688 | D:2      | Reached XP level 3. HP: 34/35 MP: 7/7
   799 | D:2      | Reached skill level 1 in Invocations
   915 | D:2      | Reached skill level 1 in Short Blades
   915 | D:2      | Reached skill level 1 in Long Blades
   915 | D:2      | Reached skill level 1 in Axes
   915 | D:2      | Reached skill level 1 in Maces & Flails
   915 | D:2      | Reached skill level 1 in Staves
   915 | D:2      | Reached skill level 1 in Ranged Weapons
   915 | D:2      | Reached skill level 1 in Throwing
   915 | D:2      | Reached skill level 1 in Armour
   915 | D:2      | Reached skill level 1 in Dodging
   915 | D:2      | Reached skill level 1 in Stealth
   915 | D:2      | Reached skill level 1 in Shields
   915 | D:2      | Reached skill level 1 in Unarmed Combat
   915 | D:2      | Reached skill level 1 in Evocations
  1035 | D:2      | Reached XP level 4. HP: 28/41 MP: 1/8
  1141 | D:2      | Reached skill level 1 in Conjurations
  1141 | D:2      | Reached skill level 1 in Hexes
  1141 | D:2      | Reached skill level 1 in Summonings
  1141 | D:2      | Reached skill level 1 in Necromancy
  1141 | D:2      | Reached skill level 1 in Translocations
  1141 | D:2      | Reached skill level 1 in Transmutations
  1141 | D:2      | Reached skill level 1 in Ice Magic
  1141 | D:2      | Reached skill level 1 in Air Magic
  1141 | D:2      | Reached skill level 1 in Earth Magic
  1141 | D:2      | Reached skill level 1 in Poison Magic
  1530 | D:3      | Noticed Jessica
  1538 | D:3      | Killed Jessica
  1539 | D:3      | Reached XP level 5. HP: 47/47 MP: 6/9
  1712 | D:3      | Found a snail-covered altar of Cheibriados.
  1903 | D:3      | Noticed Grinder
  1912 | D:3      | Killed Grinder
  1913 | D:3      | Reached XP level 6. HP: 53/53 MP: 1/11
  2613 | D:3      | Found a runed translucent door.
  2614 | D:3      | Noticed Crazy Yiuf
  2789 | D:4      | Reached XP level 7. HP: 60/60 MP: 12/12
  3899 | D:5      | Entered Level 5 of the Dungeon
  4076 | D:5      | Found a shimmering altar of Xom.
  4154 | D:5      | Found a sparkling altar of Nemelex Xobeh.
  4273 | D:5      | Found a staircase to the Ecumenical Temple.
  4450 | D:5      | Reached XP level 8. HP: 65/67 MP: 10/14
  4486 | D:5      | Found a broken altar of Ashenzari.
  4597 | D:5      | Noticed Menkaure
  4616 | D:5      | Killed Menkaure
  4950 | D:5      | Identified a scroll of acquirement
  4950 | D:5      | Acquired the ring "Lafi" {rF- Will+ rCorr Str+4 Int+3}
  5290 | D:6      | Found a hazy altar of Hepliaklqana.
  5494 | D:6      | Found a white marble altar of Elyvilon.
  5494 | D:6      | Found an iron altar of Okawaru.
  5521 | D:6      | Reached XP level 9. HP: 65/73 MP: 9/16
  5524 | D:6      | Reached skill level 5 in Spellcasting
  5985 | D:7      | Found an opulent altar of Gozag.
  6102 | D:7      | Noticed Prince Ribbit
  6123 | D:7      | Killed Prince Ribbit
  6198 | D:7      | Reached skill level 5 in Invocations
  6320 | D:7      | Found Igiul's Weapon Boutique.
  6728 | D:7      | Found a stormy altar of Qazlal.
  6731 | D:7      | Found a blossoming altar of Fedhas.
  7098 | D:7      | Reached skill level 5 in Short Blades
  7098 | D:7      | Reached skill level 5 in Long Blades
  7098 | D:7      | Reached skill level 5 in Axes
  7098 | D:7      | Reached skill level 5 in Maces & Flails
  7098 | D:7      | Reached skill level 5 in Staves
  7098 | D:7      | Reached skill level 5 in Ranged Weapons
  7098 | D:7      | Reached skill level 5 in Throwing
  7098 | D:7      | Reached skill level 5 in Armour
  7098 | D:7      | Reached skill level 5 in Dodging
  7098 | D:7      | Reached skill level 5 in Stealth
  7098 | D:7      | Reached skill level 5 in Shields
  7098 | D:7      | Reached skill level 5 in Unarmed Combat
  7098 | D:7      | Reached skill level 5 in Evocations
  7098 | D:7      | Reached XP level 10. HP: 81/81 MP: 11/18
  7518 | D:8      | Noticed a centaur warrior
  7532 | D:8      | Killed a centaur warrior
  7662 | D:8      | Found a transporter.
  7686 | D:8      | Found a transporter.
  8299 | D:9      | Noticed Erolcha
  8337 | D:8      | Upgraded the game from 0.30-a0-920-g7493c07aab to
                  | 0.30-a0-924-g0ad0bf95bc
  8984 | D:9      | Found Weunab's Armour Emporium.
  8990 | D:9      | Bought a +1 pair of gloves for 172 gold pieces
  9194 | D:9      | Found a staircase to the Lair.
  9395 | D:10     | Entered Level 10 of the Dungeon
  9862 | D:10     | Noticed a red ugly thing
  9949 | D:10     | Killed a red ugly thing
  9950 | D:10     | Reached skill level 5 in Conjurations
  9950 | D:10     | Reached skill level 5 in Hexes
  9950 | D:10     | Reached skill level 5 in Summonings
  9950 | D:10     | Reached skill level 5 in Necromancy
  9950 | D:10     | Reached skill level 5 in Translocations
  9950 | D:10     | Reached skill level 5 in Transmutations
  9950 | D:10     | Reached skill level 5 in Ice Magic
  9950 | D:10     | Reached skill level 5 in Air Magic
  9950 | D:10     | Reached skill level 5 in Earth Magic
  9950 | D:10     | Reached skill level 5 in Poison Magic
  9950 | D:10     | Reached XP level 11. HP: 86/89 MP: 21/21
 10526 | D:11     | Learned a level 4 spell: Flame Wave
 10589 | D:11     | Noticed a two-headed ogre
 10592 | D:11     | Noticed a two-headed ogre
 10594 | D:11     | Noticed a two-headed ogre
 10594 | D:11     | Noticed a manticore
 10815 | D:11     | Noticed a boulder beetle
 10964 | Lair:1   | Entered Level 1 of the Lair of Beasts
 11438 | Lair:1   | Noticed an alligator
 11438 | Lair:1   | Noticed a manticore
 11562 | Lair:1   | Found a transporter.
 11564 | Lair:1   | Found a transporter.
 11580 | Lair:1   | Noticed a spriggan berserker
 11592 | Lair:1   | Noticed GloriousHammer's ghost (journeyman OgCA)
 11920 | Lair:1   | Noticed a moth of wrath
 11993 | Lair:1   | Killed an alligator
 12032 | Lair:1   | Killed a manticore
 12119 | Lair:1   | Noticed a dire elephant
 12120 | Lair:1   | Noticed an alligator
 12121 | Lair:1   | Reached XP level 12. HP: 77/97 MP: 23/23
 12136 | Lair:1   | Killed a dire elephant
 12143 | Lair:1   | Killed an alligator
 12144 | Lair:1   | Reached skill level 10 in Fighting
 12144 | Lair:1   | Reached skill level 10 in Polearms
 12213 | Lair:1   | Learned a level 3 spell: Stone Arrow
 13348 | Lair:2   | Found a staircase to the Swamp.
 13975 | Lair:3   | Learned a level 3 spell: Kindle Blastsparks
 13980 | Lair:3   | Learned a level 4 spell: Animate Armour
 14070 | Lair:3   | Found a staircase to the Snake Pit.
 14166 | Lair:3   | Noticed a six-headed hydra
 14173 | Lair:3   | Reached XP level 13. HP: 92/104 MP: 25/25
 14904 | Lair:4   | Found a staircase to the Slime Pits.
 14905 | Lair:4   | Found a viscous altar of Jiyva.
 16895 | D:11     | Found a staircase to the Orcish Mines.
 17085 | Orc:1    | Entered Level 1 of the Orcish Mines
 18053 | Orc:2    | Entered Level 2 of the Orcish Mines
 18307 | Orc:2    | Found Ywnyfasm's Assorted Antiques.
 18413 | Orc:2    | Found Gighuxat's Antique Armour Shop.
 18413 | Orc:2    | Found Cuuqaloy's Antique Weapon Emporium.
 18414 | Orc:2    | Found Ashreff's Distillery.
 18416 | Orc:2    | Found Evaelu's Book Boutique.
 18444 | Orc:2    | Reached XP level 14. HP: 95/113 MP: 27/27
 18457 | Orc:2    | Reached skill level 10 in Invocations
 18591 | Orc:2    | Found a staircase to the Elven Halls.
 18915 | Orc:2    | Noticed an orc warlord
 18957 | Orc:2    | Killed an orc warlord
 19077 | Orc:2    | Noticed an orc warlord
 19112 | Orc:2    | Killed an orc warlord
 19575 | Orc:2    | Identified the +2 leather armour "Timoelal" {MP-9 Str+6}
 19979 | D:7      | Bought the +8 demon blade "Leech" {evervamp, Harm Drain
                  | rN+} for 1087 gold pieces
 19979 | D:7      | Found the +8 demon blade "Leech" {evervamp, Harm Drain rN+}
 20082 | D:9      | Killed Erolcha
 20083 | D:9      | Reached skill level 10 in Spellcasting
 20163 | Lair:5   | Entered Level 5 of the Lair of Beasts
 21120 | Lair:5   | Reached skill level 10 in Fire Magic
 21297 | Lair:5   | Reached skill level 10 in Short Blades
 21297 | Lair:5   | Reached skill level 10 in Long Blades
 21297 | Lair:5   | Reached skill level 10 in Axes
 21297 | Lair:5   | Reached skill level 10 in Maces & Flails
 21297 | Lair:5   | Reached skill level 10 in Staves
 21297 | Lair:5   | Reached skill level 10 in Ranged Weapons
 21297 | Lair:5   | Reached skill level 10 in Throwing
 21297 | Lair:5   | Reached skill level 10 in Armour
 21297 | Lair:5   | Reached skill level 10 in Dodging
 21297 | Lair:5   | Reached skill level 10 in Stealth
 21297 | Lair:5   | Reached skill level 10 in Shields
 21297 | Lair:5   | Reached skill level 10 in Unarmed Combat
 21297 | Lair:5   | Reached skill level 10 in Evocations
 21401 | Lair:5   | Reached XP level 15. HP: 120/120 MP: 29/29
 22478 | D:13     | Noticed Josephine
 22495 | D:13     | Killed Josephine
 22861 | D:13     | Found a gate to the Vaults.
 24110 | D:14     | Identified the +8 halberd of the Briny Deep {flame, rPois
                  | Str+2 Int+2 Dex+3}
 24485 | D:14     | Identified the +2 great mace of the Hero {pain, rElec rF+
                  | Will+ Str+2}
 24787 | D:15     | Entered Level 15 of the Dungeon
 24827 | D:15     | Reached XP level 16. HP: 129/129 MP: 31/31
 25243 | D:15     | Found a staircase to the Depths.
 25837 | D:15     | Reached XP level 17. HP: 131/135 MP: 32/32
 26090 | D:15     | Upgraded the game from 0.30-a0-924-g0ad0bf95bc to
                  | 0.30-a0-930-gb9d0489357
 26103 | D:15     | Learned a level 2 spell: Wereblood
 26329 | Swamp:1  | Entered Level 1 of the Swamp
 27676 | Swamp:2  | Identified the staff of air "Kozepp" {rElec rCorr Str+3
                  | Dex-4}
 27934 | Swamp:2  | HP: 3/136 [nine-headed hydra[a spriggan druid] (19)]
 27934 | Swamp:2  | Slain by a nine-headed hydra

Illustrated notes

Levels and vault maps discovered:
D:1:      lightli_arrival_flooded_house, layout_basic, minmay_3d_cube
D:2:      layout_basic, minmay_lizard_pond
D:3:      corexii_shack_village, layout_basic, mainiacjoe_overflow_alcove_4,
          uniq_crazy_yiuf_cottage, uniq_jessica, uniq_grinder
D:4:      layout_basic, roderic_lattice_a
D:5:      layout_basic, mainiacjoe_overflow_divided_tiny,
          nicolae_ashenzari_panopticon, minmay_temple_entry_drinking_statues,
          uniq_menkaure
D:6:      layout_rooms, jmf_multi_god_temple, mainiacjoe_overflow_alcove_1,
          grunt_ministairs_8
D:7:      layout_gridville, lemuel_tele_altar,
          grunt_temple_overflow_forces_of_nature, serial_shops,
          nicolae_shop_crystal, bh_walls_and_bars, uniq_prince_ribbit1
D:8:      gammafunk_steamed_eel, layout_rooms, serial_co_window_serial,
          co_window_paths_b, co_window_paths_a, co_window_paths_b,
          co_window_of_opportunity_a, co_window_paths_a, co_window_paths_a,
          co_window_paths_a, co_window_corner_ca, co_window_corner_b,
          co_window_broadway_c, co_window_unsneaky_path_b, co_window_cross_3,
          glass_columns_a, glass_columns_b, hangedman_decor_growths
D:9:      layout_long_grid, lair_entry_dummy, serial_shops,
          nicolae_shop_advertising_works [nicolae_subvault_shop_adworks],
          uniq_erolcha
D:10:     kennysheep_big_flooded_room, layout_loops_cross, solitary_fountain
D:11:     layout_loops_ring, orc_0_dummy, serial_co_window_serial,
          co_window_paths_a, co_window_of_opportunity_a, co_window_paths_b,
          co_window_of_opportunity_a, co_window_corner_a, co_window_broadway_b,
          co_window_corner_b, co_window_unsneaky_path_d, co_window_2corner,
          glass_columns_c, glass_columns_b, glass_columns_a, glass_columns_a,
          minmay_fractal_squares_diagonal_5
D:12:     layout_loops_ring
D:13:     layout_roguey, erik_vaults_1, feat_on_display, uniq_josephine
D:14:     layout_irregular_city
D:15:     grunt_enter_depths_hoard, layout_stronghold,
          nicolae_cairo_tiling_large, nicolae_fountain_basement
Lair:1:   layout_loops_ring, gammafunk_ghost_wrathful_warriors,
          nicolae_lair_lakeside_cave
Lair:2:   layout_cave_pods, minmay_swamp_entry_worms, enter_volcano_2
Lair:3:   layout_long_grid, nicolae_snake_entry_squirm
Lair:4:   layout_gridlike, nicolae_slime_entry_slimehenge, serial_bayou_shore_a
Lair:5:   evilmike_catoblepas_cave, layout_hall_layers, minivault_25,
          minmay_lair_oklob_bushes
Swamp:1:  nicolae_swamp_long_stream, layout_basic_swamp, serial_swamp_ruin,
          evilmike_swamp_ruin_house_3, evilmike_swamp_ruin_house_1, swamp_pool3
Swamp:2:  layout_basic_swamp, evilmike_swamp_ruin_house_4,
          infiniplex_staircase_pool
Orc:1:    dreamdust_under_siege, layout_diamond_mine, basic_altar
Orc:2:    st_orc_rangers, layout_caves, serial_shops, shop, basic_altar,
          minmay_orc_treasury

Skill      XL: |  1  2  3  4  5  6  7  8  9 10 11 12 13 14 15 16 17 |
---------------+----------------------------------------------------+-----
Invocations    | 1 2 3 4 5 6 7 8 9 10 11 12 | 12.5
Short Blades   | 1 2 3 5 6 7 8 9 10 11 | 11.5
Long Blades    | 1 2 3 5 6 7 8 9 10 11 | 11.5
Axes           | 1 2 3 5 6 7 8 9 10 11 | 11.5
Maces & Flails | 1 2 3 5 6 7 8 9 10 11 | 11.5
Staves         | 1 2 3 5 6 7 8 9 10 11 | 11.5
Ranged Weapons | 1 2 3 5 6 7 8 9 10 11 | 11.5
Throwing       | 1 2 3 5 6 7 8 9 10 11 | 11.5
Armour         | 1 2 3 5 6 7 8 9 10 11 | 11.5
Dodging        | 1 2 3 5 6 7 8 9 10 11 | 11.5
Stealth        | 1 2 3 5 6 7 8 9 10 11 | 11.5
Shields        | 1 2 3 5 6 7 8 9 10 11 | 11.5
Unarmed Combat | 1 2 3 5 6 7 8 9 10 11 | 11.5
Evocations     | 1 2 3 5 6 7 8 9 10 11 | 11.5
Spellcasting   | 3 4 5 6 7 8 9 10 11 | 11.8
Conjurations   | 1 2 3 4 5 6 7 8 9 |  9.7
Hexes          | 1 2 3 4 5 6 7 8 9 |  9.7
Summonings     | 1 2 3 4 5 6 7 8 9 |  9.7
Necromancy     | 1 2 3 4 5 6 7 8 9 |  9.7
Translocations | 1 2 3 4 5 6 7 8 9 |  9.7
Transmutations | 1 2 3 4 5 6 7 8 9 |  9.7
Ice Magic      | 1 2 3 4 5 6 7 8 9 |  9.7
Air Magic      | 1 2 3 4 5 6 7 8 9 |  9.7
Earth Magic    | 1 2 3 4 5 6 7 8 9 |  9.7
Poison Magic   | 1 2 3 4 5 6 7 8 9 |  9.7
Fighting       | 7 8 9 10 11 12 13 | 13.1
Polearms       | 7 8 9 10 11 12 13 | 13.1
Fire Magic     | 6 7 8 9 10 11 | 11.1

Action                     |  1- 3 |  4- 6 |  7- 9 | 10-12 | 13-15 | 16-18 || total
---------------------------+-------+-------+-------+-------+-------+-------++-------
  Melee: Spear             |    86 |   119 |   357 |   655 |       |       ||  1217
         Bite              |     5 |     4 |    31 |   146 |   260 |    44 ||   490
         Punch             |       |     1 |       |       |       |       ||     1
         Trident           |       |       |       |   369 |  1228 |       ||  1597
         Demon blade       |       |       |       |       |   625 |   351 ||   976
  Throw: Dart              |       |     8 |    33 |    55 |     4 |     3 ||   103
         Throwing net      |       |     1 |     1 |       |       |       ||     2
         Boomerang         |       |       |     6 |       |    27 |    10 ||    43
         Javelin           |       |       |       |       |     5 |     6 ||    11
   Cast: Scorch            |     5 |    14 |    77 |    73 |     7 |     3 ||   179
         Flame Wave        |       |       |       |     1 |     9 |     4 ||    14
         Animate Armour    |       |       |       |       |     9 |       ||     9
         Kindle Blastspark |       |       |       |       |     2 |       ||     2
         Stone Arrow       |       |       |       |       |       |    22 ||    22
 Invoke: Fiery Armour      |       |       |       |       |     1 |       ||     1
  Evoke: Wand              |       |       |     3 |     9 |     9 |     1 ||    22
         Tin of tremorston |       |       |       |     2 |       |     1 ||     3
    Use: Scroll            |     4 |     4 |    10 |    20 |     6 |     3 ||    47
         Potion            |       |       |     2 |     4 |     4 |     2 ||    12
   Stab: Sleeping          |       |       |       |     5 |     6 |     1 ||    12
         Distracted        |       |       |       |       |     5 |       ||     5
         Petrified         |       |       |       |       |     1 |       ||     1
 Armour: Robe              |     8 |       |       |       |       |       ||     8
         Scale mail        |     2 |    31 |    45 |   204 |   440 |       ||   722
         Chain mail        |       |       |    33 |    33 |   211 |   154 ||   431
         Skin              |       |       |       |    47 |       |       ||    47
         Ice dragon scales |       |       |       |       |       |    35 ||    35
  Dodge: Dodged            |    16 |    14 |   154 |   443 |  1007 |   186 ||  1820
  Block: Buckler           |       |     2 |    54 |    98 |       |       ||   154
         Kite shield       |       |       |       |   155 |   893 |   226 ||  1274

Table legend: (Time is in decaauts)
 A = Elapsed time spent in this place.
 B = Non-inter-level travel time spent in this place.
 C = Inter-level travel time spent in this place.
 D = Time resting spent in this place.
 E = Time spent auto-exploring this place.
 F = Levels seen in this place.
 G = Mean time per level.
                   A        B        C        D        E       F      G
               +--------+--------+--------+--------+--------+-----+--------+
         Total |  27468 |  25599 |   1869 |   2182 |  16974 |  24 | 1144.5 |
       Dungeon |  17000 |  15625 |   1375 |   1378 |  10899 |  15 | 1133.3 |
          Lair |   6275 |   5924 |    351 |    436 |   3894 |   5 | 1255.0 |
         Swamp |   1649 |   1641 |      8 |    213 |   1053 |   2 |  824.5 |
  Orcish Mines |   2542 |   2408 |    134 |    154 |   1127 |   2 | 1271.0 |
               +--------+--------+--------+--------+--------+-----+--------+

Top non-repeatable levels by time:
  Lair:2: 1624 daAuts
    D:11: 1570 daAuts
   Orc:2: 1567 daAuts
     D:8: 1491 daAuts
    D:10: 1380 daAuts
  Lair:1: 1367 daAuts
    D:15: 1323 daAuts
     D:7: 1306 daAuts
  Lair:5: 1297 daAuts
     D:3: 1229 daAuts
    D:13: 1220 daAuts
     D:4: 1119 daAuts
    D:14: 1119 daAuts
     D:5: 1072 daAuts
     D:9: 1053 daAuts
